 Dungeon Crawl Stone Soup version 0.29-a0-221-gceb61267dd (webtiles) character file.

Game seed: 8147023941071206218

14290 shoop the Markself (level 11, -7/63 HPs)
             Began as a Deep Elf Arcane Marksman on Feb 26, 2022.
             Was an Elder of Fedhas.
             Killed from afar by Jorgrun (17 damage)
             ... with a blast of rock fragments
             ... on level 12 of the Dungeon on Feb 27, 2022.
             The game lasted 00:54:53 (16738 turns).

shoop the Markself (Deep Elf Arcane Marksman)      Turns: 16738, Time: 00:54:54

Health: -7/63      AC:  8    Str:  9    XL:     11   Next: 86%
Magic:  7/23       EV: 15    Int: 25    God:    Fedhas [****..]
Gold:   762        SH:  5    Dex: 17    Spells: 13/24 levels left

rFire   + . .      SeeInvis .   a - +0 shortbow
rCold   + + .      Faith    .   (shield currently unavailable)
rNeg    . . .      Spirit   .   h - +2 leather armour {rC+}
rPois   .          Reflect  +   T - +0 helmet
rElec   .          Harm     .   d - +0 cloak
rCorr   .          Rampage  .   (no gloves)
Will    ++...                   k - +0 pair of boots
Stlth   ++........              t - amulet of reflection
HPRegen 0.20/turn               w - ring of willpower
MPRegen 0.18/turn               B - ring "Trusted Companion" {rF+ rC+ Str+2 Int+4}

@: about to teleport, studying Conjurations
A: no striking features
a: Renounce Religion, Wall of Briars, Grow Ballistomycete, Overgrow


You were on level 12 of the Dungeon.
You worshipped Fedhas.
Fedhas was greatly pleased with you.
You visited 2 branches of the dungeon, and saw 13 of its levels.
You also visited: Ossuary and Bailey.

You collected 762 gold pieces.

Inventory:

Hand Weapons
 a - a +0 shortbow (weapon)
 J - the +8 hand axe of Expedience {freeze, *Corrode rC+++ Int+3 Stlth+}
   (You found it on level 7 of the Dungeon)

   It freezes those it strikes, dealing additional cold damage.
   It can also slow down cold-blooded creatures.
   Int:       It affects your intelligence (+3).
   rC:        It renders you almost immune to cold.
   *Corrode:  It may corrode you when you take damage.
   Stlth:     It makes you more stealthy.
Armour
 d - a +0 cloak (worn)
 h - a +2 leather armour of cold resistance (worn)
 k - a +0 pair of boots (worn)
 G - a +2 ring mail of poison resistance
 T - a +0 helmet (worn)
Magical Staves
 L - a staff of earth
Jewellery
 t - an amulet of reflection (around neck)
 w - a ring of willpower (left hand)
 B - the ring "Trusted Companion" (right hand) {rF+ rC+ Str+2 Int+4}
   (You found it on level 6 of the Dungeon)

   [ring of protection from cold]

   Str:       It affects your strength (+2).
   Int:       It affects your intelligence (+4).
   rF:        It protects you from fire.
   rC:        It protects you from cold.
 D - a ring of wizardry
 F - a +6 ring of strength
 H - a ring of magical power
 R - a ring of magical power
Wands
 q - a wand of mindburst (17)
 s - a wand of charming (12)
 y - a wand of paralysis (14)
 A - a wand of polymorph (18)
 K - a wand of iceblast (18)
 S - a wand of flame (22)
Scrolls
 b - a scroll of vulnerability
 c - 3 scrolls of fear
 f - 6 scrolls of teleportation
 j - 2 scrolls of magic mapping
 l - 3 scrolls of enchant weapon {unknown}
 m - 2 scrolls of enchant armour
 n - 2 scrolls of immolation
 o - 2 scrolls of silence
 E - 2 scrolls of fog
 I - 2 scrolls of blinking
 O - a scroll of brand weapon
 Q - 2 scrolls of summoning
 U - a scroll of amnesia
Potions
 e - 7 potions of heal wounds
 g - 2 potions of brilliance
 i - a potion of magic
 p - 4 potions of might {unknown}
 r - 4 potions of invisibility
 u - 3 potions of curing
 v - 4 potions of haste
 x - 2 potions of attraction
 z - 2 potions of lignification
 C - 2 potions of mutation
 N - a potion of cancellation
 P - 2 potions of resistance
Miscellaneous
 M - a tin of tremorstones (2/2)


   Skills:
 - Level 5.0 Fighting
 - Level 16.0 Bows
 - Level 1.0 Armour
 + Level 7.5 Dodging
 - Level 2.0 Stealth
 - Level 2.6 Unarmed Combat
 - Level 7.0 Spellcasting
 - Level 8.0 Hexes
 - Level 3.0 Translocations
 - Level 3.0 Fire Magic
 - Level 8.0 Invocations
 - Level 3.0 Evocations


You had 13 spell levels left.
You knew the following spells:

 Your Spells              Type           Power      Damage    Failure   Level
a - Slow                  Hex            100%       N/A       1%          1
c - Inner Flame           Hex/Fire       36%        N/A       2%          3
f - Cause Fear            Hex            24%        N/A       3%          4
r - Portal Projectile     Hex/Tloc       72%        N/A       2%          3

Your spell library contained the following spells:

 Spells                   Type           Power      Damage    Failure   Level
 Confusing Touch          Hex            48%        N/A       1%          3
 Animate Skeleton         Necr           16%        N/A       9%          1
 Pain                     Necr           32%        1d5       9%          1
 Static Discharge         Conj/Air       8%         N/A       14%         2
 Sublimation of Blood     Necr           8%         N/A       14%         2
 Vampiric Draining        Necr           8%         2d6       26%         3
 Sticky Flame             Conj/Fire      16%        2d4       43%         4
 Dispel Undead            Necr           8%         3d8       65%         4
 Petrify                  Tmut/Erth      8%         N/A       65%         4
 Irradiate                Conj/Tmut      4%         3d15      94%         5
 Malign Gateway           Summ/Tloc      8%         N/A       100%        7
 Summon Horrible Things   Summ           4%         N/A       100%        8


Dungeon Overview and Level Annotations

Branches:
Dungeon (12/15)            Temple (0/1) D:5            Lair (0/6) D:10
    Orc (1/2) D:10        Ossuary (visited)          Bailey (visited)

Altars:
Ashenzari
Cheibriados
Fedhas
Hepliaklqana
Kikubaaqudgha
Nemelex Xobeh
Trog
Vehumet
Wu Jian
Yredelemnul
Zin
The Shining One

Portals:
Gauntlet: D:12

Annotations:
D:4 1 runed translucent door, exclusions: orc and phantom, mcwallace's ghost, novice DjIE
D:7 1 runed translucent door, Crazy Yiuf; Joseph
D:12 Jorgrun


Message History

Aiming: Grow Ballistomycete (6% risk of failure)
Press: ? - help, Dir - move target A ballistomycete grows from the ground.
The grasping roots constrict you.
The roots' grasp on you weakens, but your attempt to escape fails.
The roots lose their grip on you. Jorgrun casts a spell at you.
Roots burst forth from the earth!
The grasping roots grab you! The grasping roots constrict you!
You shoot an arrow. The arrow closely misses Jorgrun.
You hear the beating of a drum.
You shoot an arrow. The arrow hits Jorgrun.
Jorgrun is lightly wounded.
The grasping roots constrict you!
The roots' grasp on you weakens, but your attempt to escape fails.
The grasping roots constrict you!
* * * LOW HITPOINT WARNING * * *
A ballistomycete spore comes into view.
Unknown command.
You escape the roots' grasp.
Jorgrun gestures next to your ballistomycete while chanting.
The wall shatters!
The blast of rock fragments hits your ballistomycete spore!!!
The blast of rock fragments hits your ballistomycete!!!
Your ballistomycete spore explodes!
Fedhas protects your plant from harm.
Your ballistomycete spore moves out of view.
Jorgrun casts a spell next to your ballistomycete.
The wall shatters!
The blast of rock fragments hits your ballistomycete!!!
Your ballistomycete is destroyed!
Your ballistomycete disappears in a puff of smoke!
The blast of rock fragments hits your ballistomycete spore!!
Your ballistomycete spore explodes!
As you read the scroll of teleportation, it crumbles to dust.
You feel strangely unstable. Jorgrun casts a spell next to you.
The wall shatters!
The blast of rock fragments hits you!
You die...
Fedhas appreciates your contribution to the ecosystem.

## #.) .. ##.# #..#
#∩.# ### ##
###.####.....
<####.##..g.@.?.#
(......§.#.#.#......
######.#..#.# ###.#
##..##.# ##.##.#
#...#.# #.##..#
###'###..#####
#............#


You could see Jorgrun.

Vanquished Creatures
  A two-headed ogre (D:11)
  An orc knight (Bailey)
  An ugly thing (D:11)
  A deep elf pyromancer (Bailey)
  A manticore (D:11)
  A kobold demonologist (D:8)
  A yaktaur (D:11)
  5 trolls
  9 slime creatures
  14 yaks
  A vampire (D:10)
  4 wyverns
  A wraith (D:10)
  A steam dragon (D:8)
  2 vampire mosquitoes
  4 wargs
  An acid dragon (D:9)
  4 water moccasins
  3 ice beasts
  8 orc warriors
  2 ogres
  5 centaurs
  2 bullfrogs
  11 kobold brigands
  A scorpion (D:7)
  10 wights
  7 killer bees (D:10)
  8 electric eels
  2 howler monkeys
  5 orc priests
  A gnoll shaman (D:5)
  3 hounds
  3 jellies
  3 iguanas
  7 orc wizards
  14 gnolls
  7 adders
  A white imp (D:4)
  3 ufetubi
  3 adder zombies (Ossuary)
  2 worms (D:2)
  2 dart slugs
  44 orcs
  An endoplasm (D:4)
  5 giant cockroaches
  9 goblins
  3 hobgoblins
  20 kobolds
  3 quokkas
  6 ball pythons
  A ball python skeleton (Ossuary)
  5 bats
  3 frilled lizards (D:2)
  2 hobgoblin skeletons (Ossuary)
  A hobgoblin zombie (Ossuary)
  2 kobold zombies (Ossuary)
  An orc skeleton (Ossuary)
  2 rats
274 creatures vanquished.

Vanquished Creatures (collateral kills)
  A water elemental (D:11)
1 creature vanquished.

Vanquished Creatures (others)
  2 ballistomycete spores (D:12)
  3 bushes (D:10)
  3 fungi (D:10)
  27 plants
35 creatures vanquished.

Grand Total: 310 creatures vanquished

Notes
Turn   | Place    | Note
-------+----------+-------------------------------------------
     0 | D:1      | shoop the Deep Elf Arcane Marksman began the quest for the
                  | Orb.
     0 | D:1      | Reached XP level 1. HP: 11/11 MP: 5/5
    48 | D:1      | Reached skill level 1 in Stealth
   170 | D:1      | Reached XP level 2. HP: 16/16 MP: 6/6
   357 | D:1      | Reached skill level 1 in Fighting
   399 | D:1      | Reached skill level 1 in Armour
   575 | D:2      | Reached skill level 3 in Bows
   575 | D:2      | Reached XP level 3. HP: 18/20 MP: 7/7
   689 | D:2      | Found a broken altar of Ashenzari.
   837 | D:2      | Reached skill level 4 in Bows
   841 | D:2      | Learned a level 3 spell: Inner Flame
   878 | D:2      | Found a faded altar of an unknown god.
   916 | D:2      | Reached skill level 1 in Fire Magic
  1246 | D:2      | Reached XP level 4. HP: 25/25 MP: 9/9
  1612 | D:3      | Found a glowing golden altar of the Shining One.
  2302 | D:3      | Reached XP level 5. HP: 25/29 MP: 9/11
  2337 | D:3      | Learned a level 4 spell: Cause Fear
  2353 | D:4      | Noticed mcwallace's ghost (novice DjIE)
  2356 | D:4      | Found a runed translucent door.
  2701 | D:4      | Found a blossoming altar of Fedhas.
  2739 | D:4      | Became a worshipper of Fedhas Madash
  2832 | D:4      | Found an ancient bone altar of Kikubaaqudgha.
  2857 | D:4      | Noticed a phantom
  2928 | D:4      | Found an ornate altar of the Wu Jian Council.
  3141 | D:4      | Reached skill level 5 in Hexes
  3362 | D:5      | Entered Level 5 of the Dungeon
  3367 | D:5      | Learned a level 3 spell: Portal Projectile
  3401 | D:5      | Noticed an ice beast
  3426 | D:5      | Found a staircase to the Ecumenical Temple.
  3427 | D:5      | Noticed a centaur
  3432 | D:5      | Killed a centaur
  3433 | D:5      | Reached skill level 1 in Translocations
  3433 | D:5      | Reached XP level 6. HP: 34/34 MP: 9/14
  3481 | D:5      | Killed an ice beast
  3568 | D:5      | Found a sand-covered staircase.
  3841 | D:5      | Noticed an ice beast
  3850 | D:5      | Killed an ice beast
  3851 | D:5      | Reached skill level 5 in Spellcasting
  3851 | D:5      | Reached XP level 7. HP: 38/38 MP: 11/16
  3931 | Ossuary  | Entered an ossuary
  4028 | Ossuary  | Noticed a wraith
  4028 | Ossuary  | Noticed a flying skull
  4101 | Ossuary  | Noticed a flying skull
  4120 | Ossuary  | Reached * piety under Fedhas
  4211 | Ossuary  | Noticed a flying skull
  4227 | Ossuary  | Noticed a flying skull
  4232 | Ossuary  | Noticed a wraith
  4246 | Ossuary  | Noticed a wraith
  4758 | D:6      | Noticed a wyvern
  5011 | D:6      | Found a sparkling altar of Nemelex Xobeh.
  5042 | D:6      | Identified the ring "Trusted Companion" {rF+ rC+ Str+2
                  | Int+4}
  5168 | D:6      | Found a basalt altar of Yredelemnul.
  5331 | D:6      | Reached XP level 8. HP: 34/43 MP: 20/20
  5389 | D:6      | Reached skill level 1 in Evocations
  5929 | D:6      | Reached skill level 1 in Unarmed Combat
  6157 | D:7      | Found a broken altar of Ashenzari.
  6250 | D:7      | Identified the +8 hand axe of Expedience {freeze, *Corrode
                  | rC+++ Int+3 Stlth+}
  6260 | D:7      | Found a runed translucent door.
  6261 | D:7      | Noticed Crazy Yiuf
  6334 | D:7      | Found a hazy altar of Hepliaklqana.
  6433 | D:7      | Reached skill level 5 in Bows
  6454 | D:7      | Found a flagged portal.
  6552 | Bailey   | Entered a bailey
  6615 | Bailey   | Reached skill level 6 in Bows
  6615 | Bailey   | Reached ** piety under Fedhas
  6622 | Bailey   | Reached skill level 7 in Bows
  6763 | Bailey   | Found a large runed translucent door.
  6763 | Bailey   | Found a large runed translucent door.
  6764 | Bailey   | Noticed a deep elf pyromancer
  6774 | Bailey   | Noticed an orc knight
  6803 | Bailey   | Killed an orc knight
  6804 | Bailey   | Reached skill level 9 in Bows
  6804 | Bailey   | Reached XP level 9. HP: 24/47 MP: 21/21
  7021 | Bailey   | Killed a deep elf pyromancer
  7022 | Bailey   | Reached skill level 10 in Bows
  7424 | D:7      | Found a glowing silver altar of Zin.
  7424 | D:7      | Noticed an angel
  7461 | D:7      | Noticed Joseph
  7717 | D:7      | HP: 2/49 [poisoned by a kobold brigand (curare-tipped
                  | dart)]
  8081 | D:8      | Reached skill level 5 in Dodging
  8150 | D:8      | Reached skill level 1 in Invocations
  8684 | D:8      | Reached *** piety under Fedhas
  9255 | D:8      | Noticed a kobold demonologist
  9279 | D:8      | Killed a kobold demonologist
  9280 | D:8      | Reached skill level 5 in Invocations
  9280 | D:8      | Reached XP level 10. HP: 56/56 MP: 6/22
 10650 | D:9      | Reached **** piety under Fedhas
 10876 | D:9      | Reached skill level 11 in Bows
 10988 | D:9      | Found a bloodstained altar of Trog.
 11435 | D:10     | Entered Level 10 of the Dungeon
 11740 | D:10     | Found a radiant altar of Vehumet.
 11958 | D:10     | Reached skill level 12 in Bows
 12093 | D:10     | Reached skill level 13 in Bows
 12560 | D:10     | Found a staircase to the Lair.
 12567 | D:10     | Reached XP level 11. HP: 60/60 MP: 18/23
 13039 | D:10     | Found a staircase to the Orcish Mines.
 13110 | D:10     | Reached skill level 14 in Bows
 14237 | D:10     | Reached skill level 15 in Bows
 14505 | D:10     | Found a snail-covered altar of Cheibriados.
 14932 | D:11     | Noticed a two-headed ogre
 14955 | D:11     | Killed a two-headed ogre
 14956 | D:11     | Reached skill level 16 in Bows
 15149 | D:11     | Noticed a purple ugly thing
 15600 | Orc:1    | Entered Level 1 of the Orcish Mines
 15637 | Orc:1    | Noticed an orc sorcerer
 15645 | Orc:1    | Paralysed by an orc sorcerer for 3 turns
 15927 | D:11     | Killed a purple ugly thing
 16006 | D:11     | Reached skill level 5 in Fighting
 16685 | D:12     | Found a gate leading to a gauntlet.
 16724 | D:12     | Noticed Jorgrun
 16738 | D:12     | Killed from afar by Jorgrun

Illustrated notes

Levels and vault maps discovered:
D:1:      minmay_arrival_up_and_down, layout_basic
D:2:      layout_loops_ring, basic_altar, hellmonk_ecumenical_altar_blasted
D:3:      layout_loops_cross, nicolae_tso_carved_into_rock
D:4:      layout_rooms, general_overflow_altar, kiku_gazebo_garden_becter,
          nicolae_overflow_crystal_walls, hellmonk_ghost_happy_afterlife
D:5:      layout_basic, minmay_temple_entry_overgrown,
          nicolae_ossuary_entry_ruins
D:6:      layout_loops_ring, nemelex_xobeh_ov_fountains_minmay,
          yredelemnul_altar_generic, minmay_manual_moon
D:7:      layout_layer_cave, lemuel_tele_altar, zin_angel,
          nicolae_ashenzari_skybound, enter_bailey_3, serial_glass,
          glass_columns_c, glass_columns_c, uniq_crazy_yiuf_cottage, uniq_joseph
D:8:      layout_basic, special_room [special_room_kobold]
D:9:      layout_roguey, trog_antimagical, minmay_misc_feat_diagonals,
          grunt_decor_mini_mirrors
D:10:     layout_basic, vehumet_altar_wand_db,
          mainiacjoe_overflow_small_starburst, minmay_lair_entry_grove,
          minmay_orc_entry_guard_dogs
D:11:     layout_basic
D:12:     layout_roguey, gauntlet_entry_generic, uniq_jorgrun, uniq_azrael
Orc:1:    layout_caves, basic_altar, minmay_orc_temple_c

Skill      XL: |  1  2  3  4  5  6  7  8  9 10 11 |
---------------+----------------------------------+-----
Stealth        | 2 |  2.0
Fighting       | 1 3 5 |  5.0
Armour         | 1 |  1.0
Bows           | 3 4 9 10 13 16 | 16.0
Spellcasting   | 2 4 5 7 |  7.0
Fire Magic     | 1 2 3 |  3.0
Hexes          | 5 6 7 8 |  8.0
Translocations | 1 2 3 |  3.0
Evocations     | 3 |  3.0
Unarmed Combat | 2 |  2.6
Dodging        | 3 5 7 |  7.5
Invocations    | 5 8 |  8.0

Action                   |  1- 3 |  4- 6 |  7- 9 | 10-12 || total
-------------------------+-------+-------+-------+-------++-------
Melee: Shortbow          |       |     1 |       |       ||     1
 Fire: Shortbow          |    80 |   166 |   366 |   526 ||  1138
 Cast: Slow              |     4 |    22 |    29 |    78 ||   133
       Inner Flame       |       |     7 |    34 |    73 ||   114
       Cause Fear        |       |       |    15 |    23 ||    38
       Portal Projectile |       |       |     1 |       ||     1
Invok: Grow Ballistomyce |       |       |       |     2 ||     2
       Wall of Briars    |       |       |       |     1 ||     1
Evoke: Wand              |       |       |       |     1 ||     1
  Use: Scroll            |       |       |    17 |     5 ||    22
Armor: Leather armour    |     8 |    22 |    33 |    24 ||    87
Dodge: Dodged            |     8 |    45 |    64 |    67 ||   184
Block: Other             |       |    10 |    41 |    28 ||    79
       Reflection        |       |     1 |     8 |     5 ||    14

Table legend: (Time is in decaauts)
 A = Elapsed time spent in this place.
 B = Non-inter-level travel time spent in this place.
 C = Inter-level travel time spent in this place.
 D = Time resting spent in this place.
 E = Time spent auto-exploring this place.
 F = Levels seen in this place.
 G = Mean time per level.
                   A        B        C        D        E       F      G
               +--------+--------+--------+--------+--------+-----+--------+
         Total |  16877 |  15690 |   1187 |   3254 |   8548 |  15 | 1125.1 |
       Dungeon |  15909 |  14722 |   1187 |   2948 |   8495 |  12 | 1325.8 |
  Orcish Mines |     50 |     50 |      0 |      0 |     17 |   1 |   50.0 |
       Ossuary |    385 |    385 |      0 |     76 |     36 |   1 |  385.0 |
        Bailey |    533 |    533 |      0 |    230 |      0 |   1 |  533.0 |
               +--------+--------+--------+--------+--------+-----+--------+

Top non-repeatable levels by time:
    D:10: 2649 daAuts
     D:9: 2453 daAuts
     D:8: 1829 daAuts
    D:11: 1543 daAuts
     D:7: 1530 daAuts
     D:6: 1313 daAuts
     D:4: 1121 daAuts
     D:5: 1034 daAuts
     D:2: 948 daAuts
     D:3: 863 daAuts
     D:1: 566 daAuts
  Bailey: 533 daAuts
 Ossuary: 385 daAuts
    D:12: 54 daAuts
   Orc:1: 50 daAuts
